Map: 데이터-C

Players

trigger

  • Race: Protoss Protoss
  • Spawn Location: 9:00

Bunny - Winner!

  • Race: Terran Terran
  • Spawn Location: 3:00

Event: DreamHack SC2 Masters 2022 Atlanta (Offline)

VOD

Have the link to the VOD?

Description

Time

  • Played on: Nov. 19, 2022, 9:37 a.m.
  • Length: 8:01

All games in this series

Show
View Real Time Build Order
Export as new Build Order

trigger Protoss 

Build Orders: 1 Gate Expand, Blink Stalkers, Zealot Archon 

Get SALT Encoding   

  12  0:00  Probe  
  13  0:12  Probe  
  14  0:17  Pylon  
  14  0:24  Probe (Chrono Boost)  
  16  0:36  Probe (Chrono Boost)  
  16  0:37  Gateway  
  16  0:43  Probe (Chrono Boost)  
  16  0:46  Assimilator  
  17  0:50  Probe  
  18  1:03  Probe  
  19  1:15  Probe  
  20  1:23  Cybernetics Core  
  20  1:32  Nexus  
  20  1:35  Probe  
  21  1:42  Pylon  
  21  1:48  Assimilator  
  21  1:49  Probe  
  22  1:57  Adept (Chrono Boost)  
  22  2:00  Warp Gate  
  24  2:02  Probe  
  25  2:14  Probe (Chrono Boost)  
  26  2:19  Stalker  
  28  2:26  Probe (Chrono Boost)  
  29  2:31  Twilight Council  
  29  2:32  Probe (Chrono Boost)  
  31  2:44  Probe (Chrono Boost)  
  31  2:45  Probe (Chrono Boost)  
  32  2:53  Stalker  
  32  2:56  Probe (Chrono Boost)  
  32  2:57  Probe (Chrono Boost)  
  36  3:00  Probe (Chrono Boost)  
  37  3:06  Shield Battery, Probe  
  37  3:07  Blink (Chrono Boost)  
  37  3:11  Probe  
  39  3:18  Probe  
  40  3:23  Probe  
  40  3:26  Gateway  
  39  3:30  Probe  
  39  3:31  Robotics Facility  
  39  3:33  Pylon  
  40  3:35  Probe  
  41  3:42  Probe  
  41  3:48  Probe, Stalker  
  45  3:57  Nexus  
  45  3:59  Probe  
  45  4:01  Pylon  
  46  4:07  Probe  
  47  4:12  Stalker  
  47  4:14  Pylon  
  47  4:15  Probe  
  50  4:19  Observer (Chrono Boost)  
  50  4:21  Stalker  
  50  4:22  Probe  
  50  4:24  Assimilator  
  54  4:27  Probe  
  54  4:28  Assimilator  
  55  4:31  Observer (Chrono Boost)  
  55  4:34  Probe  
  57  4:42  Probe  
  53  4:46  Probe  
  53  4:48  Stalker  
  55  4:54  Stalker  
  55  4:55  Probe (Chrono Boost)  
  60  5:07  Probe x2 (Chrono Boost)  
  63  5:14  Probe (Chrono Boost)  
  63  5:15  Gateway  
  63  5:16  Probe (Chrono Boost), Gateway  
  63  5:19  Probe (Chrono Boost)  
  63  5:21  Probe (Chrono Boost)  
  63  5:25  Probe (Chrono Boost)  
  63  5:26  Probe (Chrono Boost)  
  63  5:27  Templar Archives  
  65  5:30  Probe (Chrono Boost)  
  65  5:34  Charge  
  67  5:37  Probe (Chrono Boost)  
  67  5:39  Gateway  
  67  5:40  Probe (Chrono Boost)  
  67  5:41  Gateway  
  67  5:42  Probe (Chrono Boost)  
  69  5:43  Probe (Chrono Boost)  
  69  5:47  Probe  
  71  5:51  Psionic Storm  
  71  5:52  Probe  
  71  5:53  Probe  
  71  5:55  Stalker x2  
  77  5:59  Probe  
  77  6:02  Observer  
  78  6:04  Probe  
  78  6:07  Shield Battery  
  79  6:17  Gateway  
  79  6:18  Gateway  
  79  6:21  Pylon  
  79  6:23  Pylon  
  79  6:26  High Templar  
  81  6:39  Warp Prism (Chrono Boost)  
  81  6:41  High Templar  
  81  6:45  Zealot x2  
  81  6:46  Zealot  
  81  6:47  Zealot  
  89  6:52  Gateway  
  89  6:53  Gateway  
  89  6:55  Pylon  
  89  6:56  Pylon  
  89  6:59  Zealot  
  83  7:07  Zealot x4  
  76  7:28  Zealot x6, Archon  
  76  7:29  Zealot  
  71  7:39  Zealot  
  71  7:48  Zealot  
  71  7:49  Zealot x3  
  69  7:51  High Templar x3  
  69  7:58  Archon  
Show
View Real Time Build Order
Export as new Build Order

Bunny Terran - Winner!

Build Orders:  

Get SALT Encoding   

  12  0:00  SCV  
  13  0:12  SCV  
  14  0:17  Supply Depot  
  14  0:24  SCV  
  15  0:38  SCV  
  15  0:40  Barracks  
  16  0:43  Refinery  
  16  0:50  SCV  
  16  0:52  Refinery  
  17  1:02  SCV  
  18  1:15  SCV  
  19  1:26  Reaper  
  19  1:27  Orbital Command  
  19  1:28  Supply Depot  
  20  1:39  Factory  
  20  1:52  SCV  
  21  1:58  Barracks Reactor  
  21  2:04  SCV  
  22  2:16  Command Center  
  22  2:17  SCV  
  23  2:23  Hellion  
  23  2:29  SCV  
  26  2:33  Supply Depot  
  26  2:34  Marine  
  26  2:36  Marine  
  28  2:41  SCV  
  29  2:50  Factory Tech Lab  
  29  2:54  Widow Mine, Starport  
  29  2:56  SCV  
  32  3:02  Marine  
  32  3:03  Marine  
  33  3:08  SCV  
  34  3:17  Widow Mine  
  36  3:20  SCV  
  37  3:28  Orbital Command  
  37  3:32  Marine x2  
  37  3:33  SCV  
  37  3:34  Medivac  
  42  3:39  Widow Mine  
  44  3:45  Supply Depot, SCV  
  45  3:54  SCV  
  46  3:57  SCV  
  46  3:59  Barracks  
  46  4:01  Factory Tech Lab  
  47  4:04  Starport Tech Lab  
  47  4:07  SCV, Marine  
  47  4:09  SCV  
  50  4:10  Marine  
  51  4:17  Engineering Bay  
  51  4:19  SCV  
  51  4:21  SCV  
  53  4:24  Barracks  
  53  4:25  Raven  
  53  4:28  Marine  
  56  4:31  Marine  
  56  4:33  SCV  
  56  4:34  Refinery  
  56  4:38  Factory Reactor  
  58  4:43  SCV  
  56  4:46  SCV  
  56  4:48  Marine  
  56  4:49  Marine  
  56  4:52  Bunker  
  55  4:55  SCV  
  55  4:57  Stimpack  
  55  4:58  SCV, Marine  
  55  4:59  Terran Infantry Weapons Level 1  
  54  5:07  Supply Depot, SCV  
  54  5:08  Marine x2  
  54  5:10  SCV  
  58  5:15  Marine, Starport Reactor  
  58  5:19  SCV  
  60  5:22  SCV  
  60  5:23  Marine  
  60  5:24  Supply Depot, Combat Shield  
  60  5:26  Refinery  
  62  5:28  Marine x2  
  62  5:29  Supply Depot  
  62  5:31  SCV  
  62  5:33  Widow Mine  
  62  5:34  Widow Mine  
  69  5:39  SCV  
  69  5:42  Supply Depot  
  70  5:46  Marauder x2  
  73  5:50  Supply Depot  
  73  5:53  Medivac  
  73  5:58  Medivac  
  73  6:01  Marine x2  
  79  6:04  Widow Mine  
  79  6:05  Widow Mine  
  79  6:07  Marauder  
  79  6:09  SCV x2  
  85  6:13  Marauder  
  87  6:21  Marine  
  87  6:22  Marine  
  87  6:23  Medivac  
  91  6:28  Supply Depot, Medivac  
  93  6:36  Marauder x2  
  93  6:37  Concussive Shells  
  93  6:39  Widow Mine x2, Marine x2  
  100  6:54  SCV x2  
  100  6:57  Marauder x2, Marine x2  
  103  7:02  Widow Mine x2  
  107  7:09  Command Center  
  107  7:15  Marine x2  
  109  7:18  Marauder  
  109  7:19  Marauder  
  109  7:22  SCV  
  110  7:23  SCV  
  110  7:25  Widow Mine  
  110  7:26  Widow Mine  
  104  7:33  Marine x2  
  101  7:40  Marauder x2  
  101  7:41  SCV x2  
  104  7:49  Barracks  
  104  7:50  Barracks  
Tags
 
Add a new tag
Caveats
  • Supply blocks, unpowered buildings, or Contaminate may cause inaccurate times.
  • Supply counts are checked every 10 seconds.